 Dungeon Crawl Stone Soup version 0.25-a0-435-g4b9beb1024 (webtiles) character file.

Game seed: 9944550249497334722, levelgen mode: deterministic

1841 Archen the Cleaver (level 8, -7/72 (73) HPs)
             Began as a Minotaur Berserker on Jan 28, 2020.
             Was an Elder of Trog.
             Engulfed by a cloud of flame (10 damage)
             ... on level 6 of the Dungeon.
             The game lasted 00:13:29 (4517 turns).

Archen the Cleaver (Minotaur Berserker)             Turns: 4517, Time: 00:13:29

HP:   -7/72 (73)    AC: 14    Str: 24    XL:     8   Next: 87%
MP:   7/7           EV:  9    Int:  4    God:    Trog [****..]
Gold: 155           SH:  0    Dex: 10    Spells: 7/7 levels left

rFire    + . .     SeeInvis .   B - +0 war axe
rCold    x . .     Gourm    .   (no shield)
rNeg     . . .     Faith    .   y - +0 plate armour
rPois    .         Spirit   .   (helmet restricted)
rElec    .         Reflect  .   o - +0 cloak
rCorr    .         Harm     .   (no gloves)
MR       +....                  (no boots)
Stlth    ..........             j - amulet of regeneration
HPRegen  0.62/turn              s - ring of protection from magic
MPRegen  0.10/turn              l - ring of fire

@: no status effects
A: retaliatory headbutt, horns 2
a: Berserk, Trog's Hand, Brothers in Arms, Renounce Religion


You were on level 6 of the Dungeon.
You worshipped Trog.
Trog was greatly pleased with you.
You were not hungry.

You visited 1 branch of the dungeon, and saw 6 of its levels.

You collected 568 gold pieces.
You spent 413 gold pieces at shops.

Inventory:

Hand Weapons
 a - a +0 hand axe
 z - a +1 vorpal hand axe
 B - a +0 war axe (weapon)
Armour
 o - a +0 cloak (worn)
 y - a +0 plate armour (worn)
Jewellery
 b - an uncursed ring of flight
 j - an amulet of regeneration (around neck)
 l - a ring of fire (right hand)
 s - a ring of protection from magic (left hand)
 A - a cursed -3 ring of strength {unknown}
 D - a +2 ring of dexterity {unknown}
Wands
 v - a wand of polymorph (8)
 E - a wand of random effects (11)
Scrolls
 d - a scroll of amnesia {unknown}
 g - a scroll of teleportation {unknown}
 n - 4 scrolls of enchant weapon
 q - a scroll of random uselessness {unknown}
 r - 2 scrolls of enchant armour
 u - 6 scrolls of identify
 x - 3 scrolls of remove curse
 C - a scroll of brand weapon
 F - a scroll of magic mapping {unknown}
Potions
 e - 3 potions of degeneration {unknown}
 f - 2 potions of might {unknown}
 h - 4 potions of curing
 i - a potion of heal wounds
 m - a potion of lignification {unknown}
 p - a potion of magic {unknown}
 t - a potion of flight {unknown}
 w - a potion of invisibility {unknown}
Comestibles
 c - 10 rations
 k - 19 chunks of flesh


   Skills:
 + Level 7.3 Fighting
 * Level 8.9 Axes
 + Level 6.9 Armour
 + Level 6.2 Dodging


You had 7 spell levels left.
You didn't know any spells.
Your spell library was empty.

Dungeon Overview and Level Annotations

Branches:
Dungeon (6/15)             Temple (0/1) D:4

Altars:
Ashenzari
Cheibriados
Dithmenos
Hepliaklqana
Nemelex Xobeh
Ru
Wu Jian
Xom

Shops:
D:4 :*=*(


Innate Abilities, Weirdness & Mutations

You reflexively headbutt those who attack you in melee.
You have a pair of horns on your head.


Message History

You barely miss Maggie. You headbutt Maggie!
Maggie is severely wounded.
Maggie hits you but does no damage.
You slash Maggie!
Maggie is almost dead.
Maggie zaps a wand.
Maggie creates a blast of flame!
You barely miss Maggie. Your headbutt misses Maggie.
Maggie is almost dead.
You are engulfed in blazing flames.
You resist.
* * * LOW HITPOINT WARNING * * *
Maggie hits you but does no damage.
You writhe in agony.
* * * LOW HITPOINT WARNING * * *
You slash Maggie!
You break out of your daze!
You kill Maggie!
Trog accepts your kill.
Trog appreciates your killing of a magic user.
Your Dodging skill increases to level 6!
You are engulfed in blazing flames.
You resist.
You die...

...##.. ..#... ....#
[.# ...# ..# ..## ..#
#..###..# #§)##...#
..###@§#....#
#...§○☼○....#
....§☼§☼§§....#
....§§§§#§#.#.#
.......#..##..#
#......#...#..#
##.#..........##
#.#...........#########
.....................


There were no monsters in sight!

Vanquished Creatures
  Maggie (D:6)
  Eustachio (D:6)
  A sky beast (D:6)
  A phantom (D:5)
  2 centaurs (D:5)
  A necrophage (D:5)
  2 ogres
  A gnoll sergeant (D:6)
  2 scorpions
  A howler monkey (D:4)
  A crimson imp (D:5)
  4 hounds
  A bullfrog skeleton (D:5)
  A gnoll shaman (D:6)
  3 orc priests
  2 iguanas
  A worker ant (D:4)
  5 adders
  8 gnolls (D:6)
  An ooze (D:5)
  4 worms
  A dart slug (D:3)
  3 leopard geckos
  17 orcs
  3 bats
  7 giant cockroaches
  8 goblins
  9 hobgoblins
  12 jackals
  4 quokkas
  2 ball pythons
  3 frilled lizards (D:3)
  11 kobolds
  2 leopard gecko skeletons
  7 rats
133 creatures vanquished.

Notes
Turn   | Place    | Note
-------+----------+-------------------------------------------
     0 | D:1      | Archen the Minotaur Berserker began the quest for the Orb.
     0 | D:1      | Reached XP level 1. HP: 19/19 MP: 0/0
   557 | D:1      | Reached XP level 2. HP: 26/27 MP: 1/1
  1129 | D:2      | Reached skill level 4 in Axes
  1148 | D:2      | Reached ** piety under Trog
  1181 | D:2      | Reached XP level 3. HP: 33/33 MP: 2/2
  1332 | D:2      | Found a sparkling altar of Nemelex Xobeh.
  1563 | D:2      | Found a hazy altar of Hepliaklqana.
  1822 | D:3      | Reached XP level 4. HP: 37/40 MP: 3/3
  1850 | D:3      | Reached XP level 5. HP: 35/47 MP: 4/4
  1956 | D:3      | Found a shimmering altar of Xom.
  2291 | D:3      | Found a glowing drain.
  2593 | D:4      | Found a staircase to the Ecumenical Temple.
  2593 | D:4      | Noticed an ogre
  2602 | D:4      | Killed an ogre
  2602 | D:4      | Reached skill level 5 in Fighting
  2602 | D:4      | Reached skill level 5 in Axes
  2645 | D:4      | Reached XP level 6. HP: 47/56 MP: 5/5
  2649 | D:4      | Reached *** piety under Trog
  2798 | D:4      | Found a shattered altar of Ashenzari.
  2873 | D:4      | Found Koresei's Book Boutique.
  2917 | D:4      | Found an ornate altar of the Wu Jian Council.
  3067 | D:4      | Found Teimuegh's General Store.
  3072 | D:4      | Bought a scroll of enchant weapon for 82 gold pieces
  3072 | D:4      | Bought a scroll of remove curse for 33 gold pieces
  3137 | D:4      | Found Timiz's Weapon Emporium.
  3157 | D:4      | Bought a +0 war axe for 45 gold pieces
  3185 | D:4      | Found Penn's Jewellery Boutique.
  3217 | D:4      | Found a shadowy altar of Dithmenos.
  3355 | D:4      | Found Qeowips's General Store.
  3358 | D:4      | Bought a scroll of remove curse for 33 gold pieces
  3358 | D:4      | Bought a scroll of brand weapon for 220 gold pieces
  3453 | D:5      | Entered Level 5 of the Dungeon
  3458 | D:5      | Reached skill level 5 in Armour
  3458 | D:5      | Reached XP level 7. HP: 62/62 MP: 6/6
  3470 | D:5      | Reached skill level 6 in Axes
  3505 | D:5      | Found a sparkling altar of Nemelex Xobeh.
  3826 | D:5      | Found a snail-covered altar of Cheibriados.
  3867 | D:5      | Reached skill level 5 in Dodging
  3978 | D:5      | Reached skill level 7 in Axes
  4016 | D:5      | Reached XP level 8. HP: 12/70 MP: 7/7
  4377 | D:6      | Reached **** piety under Trog
  4381 | D:6      | Reached skill level 8 in Axes
  4407 | D:6      | Noticed Eustachio
  4424 | D:6      | Killed Eustachio
  4432 | D:6      | Found a sacrificial altar of Ru.
  4495 | D:6      | Noticed Maggie
  4508 | D:6      | HP: 3/72 [Maggie/+0 long sword of pain (6)]
  4516 | D:6      | HP: 3/72 [Maggie] (3)]
  4517 | D:6      | Killed Maggie
  4517 | D:6      | Engulfed by a cloud of flame

Levels and vault maps discovered:
D:1:      lightli_molten_gateway, layout_basic, hex_tiny,
          minmay_stone_trees_medium, minmay_misc_feat_cross
D:2:      layout_loops_cross, overflow_temple_1_default, marbit_many_paths,
          item_on_display_a
D:3:      layout_basic, cheibrodos_sewer_entry_sluice, minmay_misc_feat_doors,
          grunt_decor_mini_mirrors, xom_teletrap_fun
D:4:      minmay_wonky_spiral, layout_basic, lemuel_round_altar,
          overflow_temple_1_default, minmay_temple_entry_waves, first_ration,
          serial_shops, kennysheep_little_box, nicolae_shop_waterfront,
          nicolae_shop_window_shopping, shop, shop_coins,
          cheibrodos_ashenzari_chains
D:5:      layout_gridville, overflow_temple_1_default,
          nemelex_diamond_rough_becter
D:6:      layout_cave_pools, lemuel_crystal_altar, serial_gnoll_camp,
          gnoll_camp_mini_sergeant, gnoll_camp_medium_01, gnoll_camp_medium_02,
          gnoll_camp_mini_hut, uniq_menkaure, uniq_eustachio, uniq_maggie

Skill      XL: |  1  2  3  4  5  6  7  8 |
---------------+-------------------------+-----
Fighting       | 4 5 6 7 |  7.3
Axes           | 4 5 7 8 |  8.9
Armour         | 3 4 5 6 |  6.9
Dodging        | 3 4 5 6 |  6.2

Action                   |  1- 3 |  4- 6 |  7- 9 || total
-------------------------+-------+-------+-------++-------
Melee: Hand axe          |   130 |   118 |       ||   248
       Headbutt          |    17 |    27 |    29 ||    73
       War axe           |       |    25 |   125 ||   150
  Use: Scroll            |       |     3 |       ||     3
  Eat: Chunk             |     3 |     5 |     4 ||    12
Armor: Leather armour    |     7 |       |       ||     7
       Animal skin       |     1 |       |       ||     1
       Scale mail        |    37 |    18 |       ||    55
       Plate armour      |       |    43 |    90 ||   133
Dodge: Dodged            |    69 |    69 |    62 ||   200

Table legend:
 A = Non-vault XP
 B = Vault XP
 C = Vault XP percentage of total XP
 D = Non-vault monster count
 E = Vault monster count
 F = Vault count percentage of total count
                 A         B        C        D         E       F
            +---------+---------+-------+---------+---------+-------
      Total |    1649 |     981 |  37.3 |     112 |      21 |  15.8
            +---------+---------+-------+---------+---------+-------
        D:1 |      22 |       0 |   0.0 |      15 |       0 |   0.0
        D:2 |      63 |       5 |   7.4 |      26 |       1 |   3.7
        D:3 |     152 |       6 |   3.8 |      29 |       2 |   6.5
        D:4 |     367 |      49 |  11.8 |      23 |       2 |   8.0
        D:5 |     843 |       0 |   0.0 |      16 |       0 |   0.0
        D:6 |     202 |     921 |  82.0 |       3 |      16 |  84.2
            +---------+---------+-------+---------+---------+-------
